Map: Dusk Towers

Players

STaleodor - Winner!

  • Race: Terran Terran
  • League: Grandmaster

Avenger

  • Race: Terran Terran
  • League: Master

VOD

Have the link to the VOD?

Description

Time

  • Played on: March 2, 2016, 10:54 a.m.
  • Length: 12:14
Show
View Real Time Build Order
Export as new Build Order

STaleodor Terran - Winner!

Build Orders: 1/1/1 

Get SALT Encoding   

  12  0:01  SCV  
  13  0:13  SCV  
  14  0:17  Supply Depot  
  14  0:25  SCV  
  15  0:39  SCV  
  15  0:40  Barracks  
  16  0:44  Refinery  
  16  0:51  SCV  
  16  0:53  Refinery  
  17  1:03  SCV  
  18  1:15  SCV  
  19  1:27  Marine, Orbital Command  
  20  1:33  Factory  
  20  1:43  Supply Depot  
  20  1:46  Marine  
  21  1:53  SCV  
  22  2:05  SCV  
  22  2:07  Marine  
  24  2:19  Armory  
  24  2:23  Starport, Factory Tech Lab  
  24  2:28  Marine  
  25  2:32  SCV  
  26  2:39  Supply Depot  
  26  2:46  SCV  
  26  2:47  Marine  
  28  2:59  SCV  
  29  3:06  Thor  
  35  3:13  Supply Depot  
  35  3:17  Medivac  
  37  3:20  Marine  
  37  3:25  SCV  
  39  3:35  Supply Depot  
  39  3:38  Marine  
  40  3:42  SCV  
  41  3:49  Thor  
  47  4:22  Medivac  
  49  4:25  Command Center  
  48  4:33  SCV  
  48  4:37  Supply Depot  
  47  4:44  Thor  
  51  4:47  SCV  
  51  4:52  Marine  
  53  5:02  SCV  
  53  5:06  Viking  
  56  5:10  Marine  
  51  5:33  SCV  
  51  5:36  Medivac  
  51  5:41  Orbital Command  
  53  5:46  Command Center  
  53  5:49  SCV  
  47  5:59  Marine  
  47  6:03  SCV  
  49  6:05  Factory  
  49  6:13  SCV  
  49  6:17  SCV  
  49  6:18  Thor  
  57  6:25  SCV  
  58  6:30  SCV  
  59  6:33  Marine  
  59  6:37  SCV  
  61  6:44  SCV  
  62  6:49  SCV  
  62  6:50  Refinery  
  62  6:51  Refinery  
  63  6:57  SCV  
  63  6:59  Factory Reactor, Orbital Command  
  64  7:01  Marine  
  64  7:02  Factory  
  64  7:08  SCV  
  66  7:11  SCV  
  66  7:13  Engineering Bay  
  67  7:19  Marine  
  67  7:20  SCV  
  69  7:24  SCV  
  69  7:25  Supply Depot  
  69  7:26  Terran Vehicle Weapons Level 1  
  69  7:29  SCV  
  71  7:32  SCV  
  71  7:36  SCV  
  73  7:40  Marine, Hellion x2  
  73  7:41  SCV  
  79  7:44  SCV  
  79  7:45  Starport Reactor  
  79  7:49  Missile Turret  
  80  7:51  Missile Turret  
  80  7:53  Supply Depot  
  80  7:55  SCV x2  
  82  7:59  SCV  
  87  8:05  Hellion  
  87  8:06  Hellion, Factory Tech Lab  
  87  8:07  SCV  
  87  8:09  SCV  
  89  8:15  SCV, Refinery  
  89  8:17  Refinery  
  89  8:19  Supply Depot  
  90  8:20  SCV  
  90  8:21  Supply Depot  
  90  8:24  Factory  
  90  8:25  Factory, Missile Turret  
  91  8:27  SCV x2, Missile Turret  
  93  8:38  Hellion x2  
  93  8:39  SCV  
  98  8:42  Barracks Reactor  
  98  8:43  Infernal Pre-Igniter, Siege Tank  
  101  8:50  SCV x2  
  101  8:51  SCV  
  101  8:53  Supply Depot  
  104  8:57  Armory  
  104  9:01  Hellion x2  
  108  9:06  Missile Turret  
  108  9:09  Command Center  
  108  9:15  Factory Tech Lab x2  
  108  9:18  Siege Tank  
  108  9:20  Terran Vehicle And Ship Armor Level 1  
  111  9:27  Hellion x2  
  111  9:28  Viking x2  
  111  9:30  Supply Depot  
  111  9:31  Supply Depot  
  119  9:35  Hellion x2  
  119  9:37  Starport  
  123  9:42  Siege Tank x2  
  129  9:50  Terran Vehicle Weapons Level 2  
  129  9:51  Supply Depot  
  128  10:05  Liberator  
  128  10:13  Siege Tank  
  128  10:14  Siege Tank, Hellion  
  135  10:21  Siege Tank, Hellion x2  
  122  10:22  Viking  
  119  10:30  Hellion  
  119  10:35  Hellion  
  123  10:39  Command Center  
  123  10:45  Siege Tank  
  123  10:46  Siege Tank  
  123  10:47  Refinery  
  123  10:48  Refinery  
  129  10:54  Siege Tank  
  129  10:55  Hellion  
  134  11:01  Medivac  
  134  11:02  Starport Reactor  
  136  11:09  Starport  
  136  11:25  Siege Tank x2  
  128  11:26  Hellion x2  
  128  11:27  Siege Tank  
  128  11:30  Hellion  
  137  11:42  Hellion  
  137  11:43  Viking  
  141  11:51  Refinery  
  141  11:54  SCV x2  
  154  12:10  Refinery  
Show
View Real Time Build Order
Export as new Build Order

Avenger Terran 

Build Orders: Reaper Expand, Bio Tank 

Get SALT Encoding   

  12  0:02  SCV  
  14  0:14  SCV  
  14  0:18  Supply Depot  
  14  0:26  SCV  
  15  0:40  SCV  
  15  0:42  Barracks  
  16  0:45  Refinery  
  16  0:52  SCV  
  17  1:04  SCV  
  18  1:16  SCV  
  19  1:29  Orbital Command  
  19  1:30  Reaper  
  20  1:42  Command Center  
  20  1:53  Supply Depot  
  20  1:55  SCV  
  20  1:59  Refinery  
  21  2:02  Barracks Reactor  
  21  2:07  SCV  
  22  2:19  SCV  
  23  2:24  Factory  
  22  2:31  SCV  
  23  2:38  Marine  
  23  2:39  Marine  
  23  2:43  SCV  
  26  2:54  Orbital Command  
  26  2:55  SCV  
  26  2:56  Marine x2  
  29  3:07  SCV  
  29  3:08  Starport, Factory Tech Lab  
  30  3:14  Marine x2  
  30  3:19  SCV  
  33  3:20  SCV  
  34  3:28  Siege Tank  
  34  3:31  SCV  
  34  3:32  Marine x2, SCV  
  41  3:37  Supply Depot  
  41  3:44  SCV x2, Viking  
  45  3:50  Marine  
  46  3:58  Marine  
  46  3:59  SCV x2  
  46  4:00  Supply Depot  
  49  4:05  Barracks  
  43  4:11  SCV x2  
  37  4:21  Marine  
  37  4:23  Marine, SCV  
  36  4:30  SCV  
  36  4:35  SCV  
  33  4:38  Marine, Factory Tech Lab  
  33  4:41  Marine  
  33  4:42  SCV, Starport Reactor  
  36  4:47  SCV  
  37  4:54  SCV  
  37  4:56  Marine  
  37  4:57  Siege Tank  
  37  4:59  Marine  
  43  5:02  SCV  
  43  5:06  SCV  
  45  5:14  Marine, SCV  
  45  5:17  Marine  
  45  5:19  SCV  
  43  5:26  SCV  
  36  5:30  Marine, Siege Tank  
  36  5:32  Marine  
  36  5:33  SCV  
  36  5:34  Marine  
  37  5:38  SCV  
  34  5:45  SCV  
  34  5:48  Marine  
  30  5:50  Marine, SCV  
  31  5:57  SCV  
  31  5:59  Marine  
  31  6:00  Stimpack  
  31  6:02  SCV, Siege Tank  
  33  6:06  Marine  
  33  6:07  Marine  
  33  6:09  SCV  
  35  6:14  SCV  
  35  6:17  Marine  
  37  6:21  SCV  
  37  6:24  Marauder  
  37  6:25  Supply Depot, Marine  
  40  6:27  SCV  
  42  6:33  SCV  
  42  6:35  Marine, Refinery  
  42  6:37  Refinery  
  42  6:39  SCV  
  45  6:43  Medivac  
  45  6:46  SCV  
  48  6:51  SCV  
  48  6:53  Marine  
  51  6:58  SCV  
  52  7:02  Barracks Reactor  
  52  7:03  Supply Depot  
  52  7:06  SCV  
  52  7:10  SCV  
  52  7:12  Marauder, Refinery  
  55  7:21  Siege Tank  
  58  7:25  SCV x2  
  58  7:26  Barracks  
  60  7:37  Marauder, SCV, Engineering Bay  
  60  7:39  Marine x2  
  65  7:48  SCV  
  65  7:50  SCV  
  67  7:53  Siege Tank  
  70  8:03  Combat Shields  
  70  8:07  Supply Depot  
  70  8:15  Barracks Tech Lab  
  70  8:20  Supply Depot  
  70  8:21  Marine, SCV  
  70  8:22  Supply Depot, Marauder  
  70  8:25  Siege Tank  
  70  8:26  SCV  
  78  8:33  SCV  
  79  8:36  Marine  
  79  8:37  Marauder  
  79  8:39  Marine  
  83  8:42  Marine  
  83  8:45  Concussive Shells  
  83  8:47  SCV  
  85  8:49  Terran Infantry Weapons Level 1  
  85  8:54  Marine, Medivac  
  88  8:57  Medivac  
  88  8:58  Marauder  
  88  8:59  SCV  
  88  9:01  Marauder  
  95  9:05  Supply Depot  
  95  9:09  Marine, Siege Tank  
  98  9:16  Supply Depot  
  99  9:21  Marine, Marauder  
  102  9:26  Marine  
  103  9:32  SCV  
  103  9:37  Barracks, Supply Depot  
  104  9:38  Barracks  
  104  9:43  Marine x2, Marauder  
  104  9:44  Marine  
  109  9:50  Siege Tank  
  112  10:01  Marine  
  112  10:03  Marauder  
  103  10:15  Marine  
  103  10:16  Marauder  
  103  10:18  Marine  
  81  10:24  Marauder  
  81  10:28  Barracks Tech Lab x2  
  61  10:30  Siege Tank  
  61  10:33  Marine  
  66  10:36  Marine  
  66  10:37  Marauder  
  68  10:45  Marine  
  68  10:48  Marine  
  68  10:49  Marine  
  71  10:51  Marine, Medivac  
  71  10:54  Command Center  
  74  10:59  Marauder  
  74  11:02  Siege Tank  
  79  11:05  Marine  
  79  11:06  Armory  
  79  11:09  Marauder  
  78  11:21  Marauder x3  
  63  11:26  Marine x2  
  63  11:30  Marauder  
  58  11:42  Marine, Marauder x2  
  58  11:44  Marine  
  63  11:51  Marauder  
  65  11:57  Command Center  
Tags
 
Add a new tag
Caveats
  • Supply blocks, unpowered buildings, or Contaminate may cause inaccurate times.
  • Supply counts are checked every 10 seconds.